 Dungeon Crawl Stone Soup version 0.30-b1-2-g02819fbbbe (webtiles) character file.

Game seed: 2151544192229828220

22 Alarkh the Insei (level 2, 21/21 HPs)
             Began as a Demonspawn Transmuter on July 6, 2023.
             Got out of the dungeon alive.
             The game lasted 00:00:35 (617 turns).

Alarkh the Insei (Demonspawn Transmuter)             Turns: 617, Time: 00:00:35

Health: 21/21      AC:  2    Str: 10    XL:     2   Next: 68%
Magic:  5/5        EV: 12    Int: 20    God:
Gold:   65         SH:  0    Dex: 13    Spells: 4/5 levels left

rFire   . .          .
                       - Unarmed
rCold   . . .        (no shield)
rNeg    . . .        a - +0 robe
rPois   .            (no helmet)
rElec   .            (no cloak)
rCorr   .            (no gloves)
SInv    .            (no boots)
Will    .....        (no amulet)
Stlth   +            d - +6 ring of intelligence
HPRegen 0.23/turn    (no ring)
MPRegen 0.09/turn

%: no passive effects
@: no status effects
A: hooves 1
a: no special abilities


You escaped.
You visited 1 branch of the dungeon, and saw 1 of its levels.

You collected 65 gold pieces.

Inventory:

Armour
 a - a +0 robe (worn)
Jewellery
 d - a +6 ring of intelligence (left hand)
Scrolls
 c - a scroll of silence {unknown}
 e - 2 scrolls of identify {unknown}
 g - a scroll of fog {unknown}
 h - a scroll of teleportation {unknown}
Potions
 b - a potion of lignification
 f - a potion of haste {unknown}
 i - a potion of heal wounds {unknown}


   Skills:
 - Level 1.0 Fighting
 - Level 1.7 Dodging
 + Level 3.6 Unarmed Combat
 - Level 2.0 Spellcasting
 - Level 1.7 Transmutations


You had 4 spell levels left.
You knew the following spells:

 Your Spells              Type           Power      Damage    Failure   Level
a - Beastly Appendage     Tmut           18%        N/A       8%          1

Your spell library contained the following spells:

 Spells                   Type           Power      Damage    Failure   Level
 Wereblood                Tmut           9%         N/A       12%         2
 Slow                     Hex            8%         N/A       16%         1
 Spider Form              Tmut/Pois      5%         N/A       32%         3
 Confusing Touch          Hex            2%         N/A       43%         3
 Vampiric Draining        Necr           2%         2d6       43%         3
 Ice Form                 Ice/Tmut       5%         N/A       73%         4


Dungeon Overview and Level Annotations

Branches:
Dungeon (1/15)

Altars:


Innate Abilities, Weirdness & Mutations

You have large cloven feet.


Message History

A hobgoblin comes into view.
Things that are here:
a +0 dagger; a +0 dagger; a goblin corpse A hobgoblin is nearby!
A hobgoblin is nearby!
A hobgoblin is nearby!
A bat comes into view.
Found an emerald potion.
The bat is caught in a web!
You hit the hobgoblin. Your kick misses the hobgoblin.
The hobgoblin is almost dead.
The bat struggles to get unstuck from the web.
The bat pulls away from the web.
The hobgoblin barely misses you.
You hit the hobgoblin but do no damage. You kick the hobgoblin.
You kill the hobgoblin!
The bat closely misses you. The bat hits you but does no damage.
You see here a hobgoblin corpse.
You hit the bat. Your kick misses the bat.
The bat is heavily wounded.
The bat barely misses you.
You barely miss the bat. You kick the bat.
The bat is heavily wounded.
The bat closely misses you. The bat hits you but does no damage.
You barely miss the bat.
The bat is heavily wounded.
The bat hits you. The bat closely misses you.
You hit the bat.
You kill the bat!
i - an emerald potion
There is a faded altar of an unknown god here.
Done exploring.
Done exploring.
No target in view!
Done exploring.
Done exploring.
You see here a +0 dagger.
There is an open door here.
There is a staircase leading out of the dungeon here.
Are you sure you want to leave the Dungeon?
This will make you lose the game!
You have escaped!

###.......###.##
#....
#....##....##.#
#....
#.#############
#.... #.#
##8.8########....
#.#
#......#......###
#.#
#......###..#....
#.#
##..8...#...##.###
#.#
#8......#...#..#
#.#
#@......'.....##
#.#
#8......#...###
### ##..8...#...#
#......#...#
#......#####
##8.8### #####


There were no monsters in sight!

Vanquished Creatures
  A dart slug (D:1)
  An endoplasm (D:1)
  2 giant cockroaches (D:1)
  3 hobgoblins (D:1)
  2 kobolds (D:1)
  A ball python (D:1)
  2 bats (D:1)
  A frilled lizard (D:1)
  4 goblins (D:1)
  2 rats (D:1)
19 creatures vanquished.

Notes
Turn   | Place    | Note
-------+----------+-------------------------------------------
     0 | D:1      | Alarkh the Demonspawn Transmuter began the quest for the
                  | Orb.
     0 | D:1      | Reached XP level 1. HP: 15/15 MP: 3/3
    53 | D:1      | Reached skill level 3 in Unarmed Combat
   190 | D:1      | Gained mutation: You have large cloven feet. [demonic
                  | ancestry]
   190 | D:1      | Reached XP level 2. HP: 18/21 MP: 5/5
   249 | D:1      | Found a faded altar of an unknown god.
   617 | D:$      | Got out of the dungeon alive.

Illustrated notes

Levels and vault maps discovered:
D:1:      mrwooster_arrival_statue_3, layout_rooms,
          shapermc_ecumenical_altar_mp_highgroup

Skill      XL: |  1 |
---------------+----+-----
Unarmed Combat | 3 |  3.6
Fighting       | |  1.0
Dodging        | |  1.7
Spellcasting   | |  2.0
Transmutations | |  1.7

Action                     || total
---------------------------++-------
  Melee: Unarmed           ||    66
         Kick              ||    11
         Punch             ||     1
 Armour: Robe              ||    14
  Dodge: Dodged            ||    34
